 Dungeon Crawl Stone Soup version 0.30.1-11-g7821555f0a (webtiles) character file.

Game seed: 2432157602338034669

199 boopmooplesden the Ducker (level 5, -6/25 HPs)
             Began as a Felid Berserker on Jan 12, 2024.
             Was a Priest of Trog.
             Mangled by a sleepcap (9 damage)
             ... on level 4 of the Dungeon.
             The game lasted 00:07:23 (3794 turns).

boopmooplesden the Ducker (Felid Berserker)         Turns: 3794, Time: 00:07:25

Health: -6/25      AC:  1    Str: 11    XL:     5   Next: 48%
Magic:  6/6        EV: 21    Int:  8    God:    Trog [***...]
Gold:   225        SH:  0    Dex: 18    Spells: 4/4 levels left
                                        Lives:  0   Deaths: 1

rFire   . .          .
                       - Unarmed
rCold   . . .        (shield unavailable)
rNeg    . . .        (body armour unavailable)
rPois   +            (helmet unavailable)
rElec   .            (cloak unavailable)
rCorr   .            (gloves unavailable)
SInv    +            (boots unavailable)
Will    .....        (no amulet)
Stlth   ++           f - ring of poison resistance
HPRegen 0.24/turn    (no ring)
MPRegen 0.10/turn

%: no passive effects
@: quick
A: very small, claws 1, fangs 3, see invisible, speed 1, shaggy fur 1, stealthy
paws, no weapons or thrown items, no armour, multi-lived, antennae 1, weak 1,
wild magic 1
a: Renounce Religion, Berserk, Trog's Hand


You were on level 4 of the Dungeon.
You worshipped Trog.
Trog was most pleased with you.
You visited 1 branch of the dungeon, and saw 4 of its levels.
You also visited: Sewer.

You collected 225 gold pieces.

Inventory:

Jewellery
 f - a ring of poison resistance (left paw)
Wands
 i - a wand of paralysis (5)
Scrolls
 a - 2 scrolls of vulnerability
 b - a scroll of amnesia
 c - a scroll of fog {unknown}
 e - 2 scrolls of identify
Potions
 g - a potion of ambrosia
 j - 4 potions of haste
 k - 6 potions of flight
 l - 3 potions of curing


   Skills:
 + Level 3.8 Fighting
 + Level 6.2 Dodging
 + Level 2.7 Stealth
 + Level 5.0 Unarmed Combat


You had 4 spell levels left.
You didn't know any spells.
Your spell library was empty.

Dungeon Overview and Level Annotations

Branches:
Dungeon (4/15)              Sewer (visited)
 Temple: D:4-7

Altars:
Vehumet


Innate Abilities, Weirdness & Mutations

You have sharp claws.
You have razor-sharp teeth.
You have supernaturally acute eyesight. (SInv)
You cover ground quickly. (Speed+)
You are covered in fur. (AC +1)
Your paws help you pounce on unaware monsters.
You are incapable of wielding weapons or throwing items.
You cannot wear armour.
You gain extra lives every three experience levels.
You have a pair of small antennae on your head.
You are weak. (Str -2)
Your spells are a little harder to cast, but a little more powerful.


Message History

You see here a +0 scale mail.
Found a chain mail.
You see here a +0 robe of willpower.
There is a stone staircase leading down here.
l - 3 potions of curing (gained 1)
You sense a monster nearby.
There is a stone staircase leading down here.
You see here a +0 robe of willpower.
You sense a monster nearby.
You see here a +0 chain mail.
An endoplasm comes into view.
You open the door.
Found 11 gold pieces.
There is an open door here.
A goblin comes into view. It is wielding a +0 club.
A sleepcap comes into view.
The goblin shouts!
An adder comes into view.
The goblin closely misses you.
You closely miss the goblin.
The adder hisses angrily.
Your bite misses the goblin. The goblin completely misses you.
The sleepcap releases spores at you!
You are engulfed in a cloud of soporific spores!
You fall asleep.
The goblin hits you with a +0 club!
You wake up.
* * * LOW HITPOINT WARNING * * *
The sleepcap completely misses you.
You barely miss the goblin. The goblin barely misses you.
The sleepcap releases spores at you but does no damage.
You scratch the goblin.
The goblin is heavily wounded.
The goblin closely misses you. The sleepcap closely misses you.
You claw the goblin!
You kill the goblin!
Trog accepts your kill. The adder bites you.
* * * LOW HITPOINT WARNING * * *
The sleepcap releases spores at you!
You die...

......)..............>#
#
J...#####'######^#.##[#
# . .$.......# #.#....#
# ...###...# #.####.# #
#...# #....[.# # #...#
######.#{ # #...# ### #
#...# { #.@.# # #f)S# #
#...# # #...# # #...# #
#...+ # #...# # ###.# #
#


You could see a sleepcap and an adder.

Vanquished Creatures
  A sleepcap (D:3)
  13 adders
  3 gnolls (D:3)
  5 river rats (Sewer)
  A worm (D:3)
  A dart slug (D:1)
  An orc (D:3)
  11 endoplasms
  11 giant cockroaches
  4 goblins
  6 hobgoblins
  7 jackals
  4 kobolds
  6 quokkas
  11 ball pythons
  8 bats
  9 frilled lizards
  4 rats
106 creatures vanquished.

Notes
Turn   | Place    | Note
-------+----------+-------------------------------------------
     0 | D:1      | boopmooplesden the Felid Berserker began the quest for the
                  | Orb.
     0 | D:1      | Reached XP level 1. HP: 10/10 MP: 2/2
   260 | D:1      | Reached XP level 2. HP: 14/14 MP: 3/3
   422 | D:1      | Reached ** piety under Trog
   644 | D:1      | Reached XP level 3. HP: 13/17 MP: 4/4
  1506 | D:2      | Reached skill level 5 in Dodging
  1506 | D:2      | Reached skill level 1 in Stealth
  1506 | D:2      | Reached XP level 4. HP: 14/21 MP: 5/5
  1994 | D:2      | Gained mutation: You are weak. (Str -2) [potion of
                  | mutation]
  1994 | D:2      | Gained mutation: Your spells are a little harder to cast,
                  | but a little more powerful. [potion of mutation]
  1994 | D:2      | Gained mutation: You have a pair of small antennae on your
                  | head. [potion of mutation]
  2162 | D:3      | Found a radiant altar of Vehumet.
  2175 | D:3      | Reached XP level 5. HP: 25/25 MP: 6/6
  2262 | D:3      | Found a glowing drain.
  2295 | D:3      | Reached *** piety under Trog
  2300 | Sewer    | Entered a sewer
  2619 | Sewer    | Slain by a river rat
  2620 | Sewer    | Reached XP level 4. HP: -5/33 MP: 5/5
  2627 | Sewer    | Reached skill level 6 in Dodging
  2627 | Sewer    | Reached XP level 5. HP: 25/25 MP: 6/6
  2830 | Sewer    | Reached skill level 5 in Unarmed Combat
  3372 | D:3      | Identified the +6 hand axe "Gieg" {drain, rC+}
  3794 | D:4      | Mangled by a sleepcap

Illustrated notes

Levels and vault maps discovered:
D:1:      dpeg_arrival_simpleton_b, layout_basic, minmay_misc_feat_columns,
          st_stairs_9
D:2:      kb_forest_paths, layout_basic
D:3:      layout_loops_ring, vehumet_crystals, portal_sewer_entry_f,
          serial_glass, glass_columns_a, glass_columns_a, lemuel_flame_loot_1
D:4:      gammafunk_cloud_chamber, layout_basic, makhleb_altar_promises_db,
          temple_hall, gammafunk_ghost_smash, corexii_hall_statues_i

Skill      XL: |  1  2  3  4  5 |
---------------+----------------+-----
Dodging        | 5 6 |  6.2
Stealth        | 1 2 |  2.7
Unarmed Combat | 4 5 |  5.0
Fighting       | |  3.8

Action                     |  1- 3 |  4- 6 || total
---------------------------+-------+-------++-------
  Melee: Unarmed           |   103 |   214 ||   317
         Bite              |    10 |    17 ||    27
         Punch             |     2 |     3 ||     5
 Invoke: Berserk           |     1 |     5 ||     6
    Use: Scroll            |     3 |    11 ||    14
         Potion            |       |     1 ||     1
   Stab: Sleeping          |     3 |     3 ||     6
 Armour: Skin              |     1 |    19 ||    20
  Dodge: Dodged            |    74 |   333 ||   407
